 Dungeon Crawl Stone Soup version 0.32-a0-18-g89e19f1974 (webtiles) character file.

Game seed: 10007508658314530155

5259 croobank the Changeling (level 10, 0/124 HPs)
             Began as a Demigod Shapeshifter on Jan 16, 2024.
             Slain by a vampire mosquito (4 damage)
             ... on level 10 of the Dungeon.
             The game lasted 00:26:14 (8160 turns).

croobank the Changeling (Demigod Shapeshifter)      Turns: 8160, Time: 00:26:14

Health: 0/124      AC: 10    Str: 15    XL:     10   Next: 14%
Magic:  13/13      EV: 18    Int: 24    God:
Gold:   644        SH:  0    Dex: 13    Spells: 9/9 levels left

rFire   . . .        a - +4 dagger (venom)
rCold   . . .        (no shield)
rNeg    . . .        H - +0 acid dragon scales
rPois   .            (helmet currently unavailable)
rElec   .            j - melded +0 cloak
rCorr   +            A - melded +1 Delatra's gloves {ID++}
SInv    .            (boots currently unavailable)
Will    +....        (no amulet) Stlth
                     p - +5 ring of evasion
HPRegen 0.40/turn    F - +4 ring of protection
MPRegen 0.13/turn

%: no passive effects
@: berserking, beast-form, very quick
A: beast (slay +4), high MP 1, forlorn, divine attributes
a: Begin Untransformation


You were on level 10 of the Dungeon.
You were a hulking beast.
You visited 1 branch of the dungeon, and saw 10 of its levels.

You collected 644 gold pieces.

Inventory:

Hand Weapons
 a - a +4 dagger of venom (weapon)
 b - the +10 sling of Wuath {freeze, rN+ Str+6 Stlth-}
   (You found it on level 2 of the Dungeon)

   Str+6:     It affects your strength (+6).
   rN+:       It protects you from negative energy.
   Stlth-:    It makes you less stealthy.
 r - a +0 arbalest
 s - a +3 antimagic whip
 x - a +1 hand axe of flaming
 y - a +4 dagger
 K - a +0 trident of flaming
 M - a +0 dagger of speed
 N - a +3 quarterstaff
 O - a +2 short sword of freezing
 Q - a +0 orcbow
Missiles
 h - 15 poisoned darts (quivered)
 z - 13 boomerangs
Armour
 j - a +0 cloak (melded)
 k - a +1 ring mail of positive energy
 m - a +0 leather armour
 n - a +0 pair of gloves
 A - the +1 Delatra's gloves (melded) {ID++}
   (You found it on level 6 of the Dungeon)

   ID++:      It heals its wearer when they drink unknown potions, and restores
   their MP when they read unknown scrolls.
 H - +0 acid dragon scales (worn)
Jewellery
 p - a +5 ring of evasion (left hand)
 F - a +4 ring of protection (right hand)
Talismans
 c - a beast talisman (active)
 d - a flux talisman
 t - a granite talisman
 I - a blade talisman
Wands
 f - a wand of iceblast (9)
 l - a wand of light (10)
 J - a wand of flame (20)
Scrolls
 e - a scroll of amnesia
 g - 2 scrolls of noise
 i - 7 scrolls of teleportation
 v - 2 scrolls of immolation
 G - a scroll of revelation
 L - a scroll of enchant weapon
 P - a scroll of identify
Potions
 q - a potion of mutation
 u - a potion of magic
 w - 2 potions of resistance
 B - a potion of brilliance
 D - 2 potions of invisibility
 E - 2 potions of might


   Skills:
 + Level 5.7 Fighting
 + Level 6.4 Ranged Weapons
 + Level 5.9 Dodging
 + Level 6.3 Unarmed Combat
 * Level 7.6 Shapeshifting


You had 9 spell levels left.
You didn't know any spells.
Your spell library contained the following spells:

 Spells                   Type           Power      Damage    Failure   Level
 Necrotise                Necr           0%         1d4       21%         1
 Summon Small Mammal      Summ           0%         N/A       21%         1
 Ensorcelled Hibernation  Hex/Ice        0%         N/A       30%         2
 Call Canine Familiar     Summ           0%         N/A       52%         3
 Gell's Gravitas          Tloc           0%         N/A       52%         3
 Passwall                 Erth           0%         N/A       52%         3
 Swiftness                Air            0%         N/A       52%         3
 Teleport Other           Tloc           0%         N/A       52%         3
 Vampiric Draining        Necr           0%         2d6       52%         3
 Martyr's Knell           Necr/Summ      0%         N/A       90%         4
 Summon Blazeheart Golem  Fire/Summ      0%         N/A       90%         4
 Curse of Agony           Necr           0%         N/A       99%         5
 Dispersal                Tloc           0%         N/A       100%        6


Dungeon Overview and Level Annotations

Branches:
Dungeon (10/15)            Temple (0/1) D:4
   Lair: D:8-11         Orc: D:9-12


Innate Abilities, Weirdness & Mutations

You are a hulking beast.
Your limbs bulge with bestial killing power. (Slay +4)
You have an increased reservoir of magic. (+10% MP)
You shall have no god before yourself.
Your divine heritage dramatically boosts your attributes as you level up.


Message History

You shoot a sling bullet.
The sling bullet misses the vampire mosquito.
The vampire mosquito bites you!
* * * LOW HITPOINT WARNING * * *
The vampire mosquito draws strength from your injuries!
The vampire mosquito bites you!
* * * LOW HITPOINT WARNING * * *
The vampire mosquito draws strength from your injuries!
Fire: b) +10 sling of Wuath {freeze, rN+ Str+6 Stlth-}
Press: ? - help, Q - select action, (/) - cycle Shift-Dir - straight line, f/p - vampire mosquito
Aim: a vampire mosquito (heavily damaged, 61% to hit)
You shoot a sling bullet.
The sling bullet closely misses the vampire mosquito.
The vampire mosquito bites you but does no damage.
The vampire mosquito bites you!
* * * LOW HITPOINT WARNING * * *
The vampire mosquito draws strength from your injuries!
Okay, then.
Okay, then.
Throw: throwing net
Press: ? - help, Q - select action, (/) - cycle Shift-Dir - straight line, f/p - vampire mosquito
Aim: a vampire mosquito (moderately damaged, 44% to hit)
You throw a throwing net.
The throwing net hits the vampire mosquito.
The vampire mosquito is caught in the net!
The vampire mosquito is moderately damaged.
The vampire mosquito struggles against the net. x2
A red film seems to cover your vision as you go berserk!
You feel yourself moving faster!
You feel mighty!
The vampire mosquito struggles against the net.
The net rips apart, and the vampire mosquito comes free!
The vampire mosquito bites you.
* * * LOW HITPOINT WARNING * * *
Okay, then.
The +10 sling of Wuath {freeze, rN+ Str+6 Stlth-} stops glowing.
Your +4 dagger of venom begins to drip with poison!
a - a +4 dagger of venom (weapon)
You feel a strong urge to attack something.
The vampire mosquito bites you.
You die...

#y .# #.# #.#
#.# #.# #.#
#.# #.###.#
##+##.....#
##...#.†...#
#....#...†y#
#....#.###h#
#....'.....#
########.....#
#............#
#.........#..#
#.####....#..#
#.####....#..#
#.........#..#
#.........#..#


You could see a vampire mosquito.

Vanquished Creatures
  A troll (D:9)
  A hornet (D:9)
  A shadow (D:8)
  A wyvern (D:9)
  5 yaks (D:9)
  3 vampire mosquitoes (D:10)
  A steam dragon (D:8)
  An acid dragon (D:8)
  3 water moccasins
  An ice beast (D:8)
  A black bear (D:6)
  4 orc warriors
  A sky beast (D:7)
  3 ogres
  A phantom (D:6)
  A centaur (D:10)
  3 bullfrogs
  A kobold brigand (D:9)
  A scorpion (D:6)
  6 killer bees (D:9)
  3 howler monkeys
  2 jellies (D:6)
  2 hounds (D:4)
  11 orc priests
  Jessica (D:3)
  2 iguanas
  14 orc wizards
  4 gnolls (D:2)
  3 adders
  A shadow imp (D:6)
  A white imp (D:7)
  6 ufetubi
  5 dart slugs
  44 orcs
  5 endoplasms
  4 giant cockroaches
  4 goblins
  5 hobgoblins
  A quokka (D:1)
  5 ball pythons
  3 bats
  5 frilled lizards
  12 kobolds
  4 rats
187 creatures vanquished.

Notes
Turn   | Place    | Note
-------+----------+-------------------------------------------
     0 | D:1      | croobank the Demigod Shapeshifter began the quest for the
                  | Orb.
     0 | D:1      | Reached XP level 1. HP: 15/15 MP: 3/3
    80 | D:1      | Reached skill level 1 in Fighting
   341 | D:1      | Reached XP level 2. HP: 16/23 MP: 4/4
   956 | D:2      | Identified the +10 sling of Wuath {freeze, rN+ Str+6
                  | Stlth-}
   974 | D:2      | Reached skill level 3 in Shapeshifting
   974 | D:2      | Reached XP level 3. HP: 28/28 MP: 5/5
  1689 | D:3      | Noticed Jessica
  1690 | D:3      | Killed Jessica
  1691 | D:3      | Reached XP level 4. HP: 36/36 MP: 6/6
  1974 | D:3      | Reached skill level 1 in Ranged Weapons
  2298 | D:4      | Reached XP level 5. HP: 31/41 MP: 7/7
  2310 | D:4      | Noticed an ogre
  2318 | D:4      | Killed an ogre
  2665 | D:4      | Found a staircase to the Ecumenical Temple.
  2926 | D:5      | Entered Level 5 of the Dungeon
  2946 | D:5      | Noticed an ogre
  2950 | D:5      | Killed an ogre
  2951 | D:5      | Reached XP level 6. HP: 50/50 MP: 8/8
  3249 | D:5      | Identified the +0 robe "Ximan" {rF+}
  3254 | D:5      | You fall into a shaft and drop 1 floor!
  3281 | D:6      | Noticed a water moccasin
  3287 | D:6      | Killed a water moccasin
  3319 | D:6      | Reached skill level 4 in Shapeshifting
  3319 | D:6      | Reached XP level 7. HP: 57/57 MP: 9/9
  4295 | D:6      | Found the +1 Delatra's gloves {ID++}
  4814 | D:6      | Reached XP level 8. HP: 64/66 MP: 10/10
  5085 | D:7      | Reached skill level 5 in Shapeshifting
  5342 | D:7      | Reached skill level 5 in Ranged Weapons
  5383 | D:7      | Reached skill level 5 in Unarmed Combat
  6096 | D:8      | Reached skill level 6 in Shapeshifting
  6096 | D:8      | Reached XP level 9. HP: 59/72 MP: 11/11
  6321 | D:8      | Reached skill level 5 in Dodging
  7048 | D:9      | Reached skill level 5 in Fighting
  7062 | D:9      | Reached skill level 7 in Shapeshifting
  7617 | D:9      | Found a flagged portal.
  7624 | D:9      | Reached XP level 10. HP: 75/81 MP: 13/13
  7824 | D:10     | Entered Level 10 of the Dungeon
  8159 | D:10     | HP: 4/124 [vampire mosquito (4)]
  8160 | D:10     | Slain by a vampire mosquito

Illustrated notes

Levels and vault maps discovered:
D:1:      arrival_zaba_pyramid, layout_basic, chequers_ecumenical_altar_grove
D:2:      layout_loops_cross
D:3:      layout_basic, wad_orctagon, uniq_jessica
D:4:      layout_loops_ring, mainiacjoe_overflow_boulevard,
          minmay_temple_entry_mist, grunt_decor_mini_mirrors
D:5:      layout_gridville, nicolae_gozag_seed_capital
D:6:      layout_loops_ring, led_sif_pool, pf_guarded_unrand_delatra
D:7:      layout_basic, gammafunk_temple_overflow_pools
D:8:      layout_basic
D:9:      layout_gridville, enter_bailey_2, nicolae_zig_zag_zippers
D:10:     layout_stronghold

Skill      XL: |  1  2  3  4  5  6  7  8  9 |
---------------+----------------------------+-----
Fighting       | 1 2 3 4 5 |  5.7
Dodging        | 2 3 4 5 |  5.9
Unarmed Combat | 3 4 5 6 |  6.3
Shapeshifting  | 3 4 6 7 |  7.6
Ranged Weapons | 1 2 3 4 5 6 |  6.4

Action                     |  1- 3 |  4- 6 |  7- 9 | 10-12 || total
---------------------------+-------+-------+-------+-------++-------
  Melee: Unarmed           |    54 |     3 |       |       ||    57
         Dagger            |       |     4 |       |       ||     4
         Punch             |       |     1 |       |       ||     1
   Fire: Sling             |    17 |    85 |   304 |    47 ||   453
  Throw: Throwing net      |       |       |       |     1 ||     1
Ability: Begin Untransform |     2 |       |       |       ||     2
  Evoke: Wand              |       |       |     2 |     1 ||     3
    Use: Potion            |       |     1 |     5 |     1 ||     7
         Scroll            |       |       |    21 |       ||    21
   Stab: Sleeping          |     1 |       |       |       ||     1
 Armour: Animal skin       |    21 |       |       |       ||    21
         Leather armour    |       |    11 |    40 |       ||    51
         Skin              |       |     4 |       |       ||     4
         Acid dragon scale |       |       |    56 |    34 ||    90
  Dodge: Dodged            |    25 |    14 |   221 |    46 ||   306
   Form: Beast             |     2 |       |     1 |       ||     3
                           |       |       |     1 |       ||     1

Table legend: (Time is in decaauts)
 A = Elapsed time spent in this place.
 B = Non-inter-level travel time spent in this place.
 C = Inter-level travel time spent in this place.
 D = Time resting spent in this place.
 E = Time spent auto-exploring this place.
 F = Levels seen in this place.
 G = Mean time per level.
                   A        B        C        D        E       F      G
               +--------+--------+--------+--------+--------+-----+--------+
         Total |   8254 |   7947 |    307 |   1420 |   5076 |  10 |  825.4 |
       Dungeon |   8254 |   7947 |    307 |   1420 |   5076 |  10 |  825.4 |
               +--------+--------+--------+--------+--------+-----+--------+

Top non-repeatable levels by time:
     D:6: 1504 daAuts
     D:7: 1047 daAuts
     D:8: 934 daAuts
     D:2: 882 daAuts
     D:9: 872 daAuts
     D:1: 809 daAuts
     D:4: 663 daAuts
     D:5: 606 daAuts
     D:3: 593 daAuts
    D:10: 339 daAuts
